Cogmind - Beta 14 @@@ ROGUE MODE // 2025.03.15 @ 16:47:14 Player: CONM Result: Destroyed self with Rocket Launcher Performance ------------- Evolutions (0) 0 Regions Visited (4) 800 Robots Destroyed (17) 85 Value Destroyed (397) 397 Prototype IDs (23) 460 Alien Tech Used (0) 0 Bonus (325) 325 TOTAL SCORE: 2067 Bonus ------- Follower Combat Kills 25 Aligned with FarCom 300 Cogmind --------- Core Integrity 0/250 Matter 262/300 Energy 115/125 System Corruption 0% Temperature Cool (12) Movement Walking (330) Ox3 Location -9/Mines Parts ------- > --- POWER (1) -------- Light Ion Engine > --- PROPULSION (2) --- Aluminum Leg > --- UTILITY (2) ------ Heat Sink Large Storage Unit > --- WEAPON (2) ------- Particle Gun Rocket Launcher > --- INVENTORY (15) --- Large Storage Unit Small Battery (100) Small Matter Pod (50) Experimental Sensor Array Signal Interpreter Improved Terrain Scanner Seismic Detector 0b10 Alert Chip Signal Generator Peak State ------------ > --- POWER ------------ Light Ion Engine > --- PROPULSION ------- Aluminum Leg > --- UTILITY ---------- Heat Sink Large Storage Unit > --- WEAPON ----------- Medium Laser Particle Gun > --- INVENTORY -------- Large Storage Unit Small Battery Small Matter Pod Experimental Sensor Array Signal Interpreter Improved Terrain Scanner Seismic Detector 0b10 Alert Chip Rocket Launcher Signal Generator [Rating: 10] Favorites ----------- Power Light Ion Engine Engine Light Ion Engine Propulsion Aluminum Leg Treads Light Treads Leg Aluminum Leg Wheel Compact Wheel Utility Heat Sink Device Heat Sink Storage Small Storage Unit Weapon Medium Laser Energy Gun Medium Laser Ballistic Cannon Light Cannon Launcher Rocket Launcher Build | -11 -10 -10 -10 -9 ------- Run | Yrd Mat Min Exi Min Slots Evolved . | . . . . . Power . | . . . . . Propulsion . | . . . . . Utility . | . . . . . Weapon . | . . . . . Parts Attached 20 | 7 5 6 1 1 Power 4 | 1 1 2 . . Engine 4 | 1 1 2 . . Core . | . . . . . Reactor . | . . . . . Propulsion 5 | 2 2 1 . . Treads 2 | . 2 . . . Leg 1 | . . 1 . . Wheel 2 | 2 . . . . Hover . | . . . . . Flight . | . . . . . Utility 4 | 2 1 . 1 . Device 2 | 1 1 . . . Storage 2 | 1 . . 1 . Processor . | . . . . . Hackware . | . . . . . Protection . | . . . . . Artifact . | . . . . . Weapon 7 | 2 1 3 . 1 Energy Gun 5 | 2 . 3 . . Energy Cannon . | . . . . . Ballistic Gun . | . . . . . Ballistic Cannon 1 | . 1 . . . Launcher 1 | . . . . 1 Special Weapon . | . . . . . Impact Weapon . | . . . . . Slashing Weapon . | . . . . . Piercing Weapon . | . . . . . Special Melee Weapon . | . . . . . Unidentified Prototypes . | . . . . . Parts Lost 7 | . 2 4 . 1 Power 3 | . 1 2 . . Propulsion 2 | . 1 1 . . Utility . | . . . . . Weapon 2 | . . 1 . 1 Highest Loss Streak 3 | . 1 3 . 1 To Critical Strikes . | . . . . . Average Slot Usage (%) 82 | . 81 82 85 80 Engine 11 | . 7 13 14 14 Treads 5 | . 16 . . . Leg 8 | . . 12 14 14 Device 14 | . 14 14 14 14 Storage 14 | . 14 14 14 14 Energy Gun 21 | . 23 15 28 23 Ballistic Cannon 5 | . 2 12 . . Peak Build Rating 10 | 9 9 8 9 10 Average Rating 7 | 4 6 7 8 9 On Entrance 6 | . 9 5 8 9 Naked Turns . | . . . . . Heaviest Build 29 | 14 14 15 29 29 Greatest Support 40 | 32 40 20 10 10 Greatest Overweight (x) 3 | . . 3 2 2 Average Overweight (x) . | . . 1 1 2 Largest Inventory Capacity 15 | 8 8 8 15 15 Average Capacity 8 | 6 8 8 9 15 Most Carried 10 | 4 8 8 9 10 Average Carried 6 | 1 6 6 8 9 Final Capacity 15 | 8 8 8 15 15 Final Carried 9 | 4 6 8 9 9 Class Distribution -------------------- 59% | Scavenger-Mutant 40% | Mutant Dominant Class ---------------- Mutant | -10/Materials Scavenger-Mutant | -10/Mines Scavenger-Mutant | -10/Exiles Scavenger-Mutant | -9/Mines Resources | -11 -10 -10 -10 -9 ----------- Run | Yrd Mat Min Exi Min Matter Collected 363 | 79 189 95 . . Remotely . | . . . . . Salvage Created 442 | 20 271 76 . 75 Parts 26 | 3 14 5 . 4 Haulers Intercepted . | . . . . . Recyclers Shooed . | . . . . . Parts Field Recycled . | . . . . . Retrieved Matter . | . . . . . Parts Self-Destructed . | . . . . . Prevented . | . . . . . Kills | -11 -10 -10 -10 -9 ------- Run | Yrd Mat Min Exi Min Combat Hostiles Destroyed 13 | . 8 3 . 2 Melee 1 | . 1 . . . Guns 9 | . 7 2 . . Cannons 1 | . . 1 . . AOE 2 | . . . . 2 Classes Destroyed 5 | 1 4 . . . Worker 2 | . 1 1 . . Tunneler 1 | 1 . . . . Operator 1 | . 1 . . . Swarmer 4 | . 3 1 . . Grunt 9 | . 5 2 . 2 Best Kill Streak 3 | 1 3 2 . 2 Combat Bots Only 3 | . 3 2 . 2 Max Kills in Single Turn 2 | 1 1 1 . 2 Gunslinging . | . . . . . Exploded 2 | . . . . 2 Melee 1 | . 1 . . . Uniques/NPCs Destroyed . | . . . . . Combat | -11 -10 -10 -10 -9 -------- Run | Yrd Mat Min Exi Min Hostile Shots Fired 130 | . 76 42 . 12 Missed 29 | . 17 8 . 4 Damage Taken 1187 | . 622 413 . 152 Core 250 | . 102 98 . 50 Absorbed by Shields . | . . . . . Core Remaining (%) 100 | 100 . . . . Volleys Fired 49 | 3 34 10 . 2 Largest 2 | 2 2 2 . 2 Hottest 115 | 90 90 115 . 98 Shots Fired 98 | 6 68 20 . 4 Gun 87 | 6 68 11 . 2 Cannon 9 | . . 9 . . Launcher 2 | . . . . 2 Special . | . . . . . Kinetic 9 | . . 9 . . Thermal 87 | 6 68 11 . 2 Explosive 2 | . . . . 2 Electromagnetic . | . . . . . Robot Hit Streak 15 | 6 15 4 . . Robot Miss Streak 5 | . 4 5 . 2 Penetration Max . | . . . . . Secondary Targets . | . . . . . Shots Hit Robots 59 | 6 41 12 . . Core Hits 25 | 1 16 6 . 2 Critical Kills . | . . . . . Critical Parts Destroyed . | . . . . . Critical Strikes 5 | . 3 2 . . Burn 4 | . 3 1 . . Blast 1 | . . 1 . . Melee Attacks . | . . . . . Impact . | . . . . . Slashing . | . . . . . Piercing . | . . . . . Sneak Attacks . | . . . . . Combat Hostiles . | . . . . . Follow-up Attacks . | . . . . . Damage Inflicted 868 | 71 501 188 . 108 Guns 641 | 71 486 84 . . Cannons 101 | . . 101 . . Explosions 108 | . . . . 108 Melee . | . . . . . Ramming 18 | . 15 3 . . Kinetic 101 | . . 101 . . Thermal 641 | 71 486 84 . . Explosive 108 | . . . . 108 Electromagnetic . | . . . . . Impact . | . . . . . Slashing . | . . . . . Piercing . | . . . . . Highest Corruption . | . . . . . Average Corruption . | . . . . . Corruption Purged . | . . . . . Corruption Blocked . | . . . . . Overload Shots . | . . . . . Overflow Damage . | . . . . . Projectiles . | . . . . . Explosions . | . . . . . Melee . | . . . . . Knockbacks 1 | . . 1 . . Impact . | . . . . . Kinetic 1 | . . 1 . . Secondary . | . . . . . Self-Inflicted Damage 62 | . 1 . . 61 Shots 2 | . . . . 2 Rammed 12 | . 12 . . . Targets Rammed 14 | . 13 1 . . Kicked 1 | . . 1 . . Crushed 1 | . 1 . . . Highest Temperature 60 | 60 42 45 . 12 Average Temperature 19 | 28 17 21 . 8 Received Heat Transfer 516 | . 276 189 . 51 Siege Activations . | . . . . . Robots Corrupted . | . . . . . Combat Hostiles . | . . . . . Parts Fried . | . . . . . Impact Corruptions . | . . . . . Robots Melted . | . . . . . Combat Hostiles . | . . . . . Parts Melted 5 | 1 4 . . . Heat Transferred 1993 | 186 1511 296 . . Parts Sabotaged . | . . . . . Parts Stolen . | . . . . . Parts Stripped . | . . . . . Power Chain Reactions . | . . . . . Alert | -11 -10 -10 -10 -9 ------- Run | Yrd Mat Min Exi Min Peak Influence 183 | 5 183 65 . 21 Initial 5 | . 3 5 . . Average 34 | . 53 23 . 2 Maximum Alert Level . | . . . . . Low Security (%) 100 | 100 100 100 . 100 Level 1 . | . . . . . Level 2 . | . . . . . Level 3 . | . . . . . Level 4 . | . . . . . Level 5 . | . . . . . High Security . | . . . . . Max Security . | . . . . . Squads Dispatched 4 | . 3 . . 1 Investigation 1 | . 1 . . . Extermination . | . . . . . Reinforcement 2 | . 2 . . . Assault 1 | . . . . 1 Garrison . | . . . . . Intercept . | . . . . . Searches Triggered . | . . . . . Construction Impeded . | . . . . . Haulers Reinforced . | . . . . . Active Scanning Responses . | . . . . . Cargo Convoy Interrupts . | . . . . . Stealth | -11 -10 -10 -10 -9 --------- Run | Yrd Mat Min Exi Min Distress Signals 2 | . 2 . . . Communications Jammed . | . . . . . Distress Signals . | . . . . . Times Spotted 25 | . 14 6 . 5 Peak Tracking Total 5 | . 5 3 . 5 Tactical Retreats 1 | . . 1 . . Traps | -11 -10 -10 -10 -9 ------- Run | Yrd Mat Min Exi Min Traps Triggered 1 | . 1 . . . Indirectly . | . . . . . Trap Hack Attempts . | . . . . . Triggered . | . . . . . Disarmed . | . . . . . Reprogrammed . | . . . . . Reused . | . . . . . Traps Extracted . | . . . . . Installed . | . . . . . Triggered . | . . . . . Machines | -11 -10 -10 -10 -9 ---------- Run | Yrd Mat Min Exi Min Machines Disabled . | . . . . . Max in Single Turn . | . . . . . Machines Repaired . | . . . . . Machines Dismantled . | . . . . . Machines Sabotaged . | . . . . . Overloaded Fab Kills . | . . . . . Hacking | -11 -10 -10 -10 -9 --------- Run | Yrd Mat Min Exi Min Machines Accessed 5 | . 2 . 3 . Terminals 2 | . 2 . . . Fabricators . | . . . . . Repair Stations . | . . . . . Recycling Units . | . . . . . Scanalyzers . | . . . . . Garrison Access . | . . . . . Total Hacks 15 | . 3 . 12 . Successful 12 | . . . 12 . Failed 3 | . 3 . . . Catastrophic 1 | . 1 . . . Database Lockouts . | . . . . . Manual 1 | . . . 1 . Terminals 3 | . 3 . . . Fabricators . | . . . . . Repair Stations . | . . . . . Recycling Units . | . . . . . Scanalyzers . | . . . . . Garrison Access . | . . . . . Terminal Hacks 12 | . . . 12 . Record 11 | . . . 11 . Derelict Proto ID Bank 1 | . . . 1 . Fabricator Hacks . | . . . . . Repair Station Hacks . | . . . . . Recycling Unit Hacks . | . . . . . Scanalyzer . | . . . . . Garrison Access Hacks . | . . . . . Unauthorized Hacks . | . . . . . Terminals . | . . . . . Fabricators . | . . . . . Repair Stations . | . . . . . Recycling Units . | . . . . . Scanalyzers . | . . . . . Garrison Access . | . . . . . Data Cores Recovered . | . . . . . Used . | . . . . . Hacking Detections 2 | . 2 . . . Full Trace Events . | . . . . . Feedback Events . | . . . . . Feedback Blocked . | . . . . . Robot Schematics Acquired . | . . . . . Robots Built . | . . . . . Authchips . | . . . . . Time . | . . . . . Total Robot Build Rating . | . . . . . Part Schematics Acquired . | . . . . . Parts Built . | . . . . . Authchips . | . . . . . Time . | . . . . . Total Part Build Rating . | . . . . . Parts Repaired . | . . . . . Time . | . . . . . Parts Recycled . | . . . . . Recycled Matter . | . . . . . Retrieved Matter . | . . . . . Retrieved Components . | . . . . . Parts Scanalyzed . | . . . . . Part Schematics Acquired . | . . . . . Parts Damaged . | . . . . . Bothacking | -11 -10 -10 -10 -9 ------------ Run | Yrd Mat Min Exi Min Used RIF Installer . | . . . . . Robots Hacked . | . . . . . Non-combat . | . . . . . Combat . | . . . . . Robot Hacks Applied . | . . . . . Relay Couplers Released . | . . . . . Fabnet Peak Effective % . | . . . . . Robots Rewired . | . . . . . Allies Hacked . | . . . . . Hacks Repelled . | . . . . . Allies | -11 -10 -10 -10 -9 -------- Run | Yrd Mat Min Exi Min Total Allies 1 | . . . . 1 Largest Group 1 | . . . . 1 Highest-Rated Group 31 | . . . . 31 Highest-Rated Ally 31 | . . . . 31 Total Orders . | . . . . . Ally Attacks 4 | . . . . 4 Total Damage 83 | . . . . 83 Kills 1 | . . . . 1 Allies Corrupted . | . . . . . Allies Melted . | . . . . . Intel | -11 -10 -10 -10 -9 ------- Run | Yrd Mat Min Exi Min Robot Analysis Total . | . . . . . Derelict Logs Recovered 1 | . . 1 . . Drone Launches . | . . . . . Drone Recoveries . | . . . . . Exploration | -11 -10 -10 -10 -9 ------------- Run | Yrd Mat Min Exi Min Turns Passed 2293 | 76 752 821 558 86 Spaces Moved 1157 | 56 387 408 275 31 Core 26 | 5 . 21 . . Treads 346 | . 345 1 . . Legs 692 | . . 386 275 31 Wheels 93 | 51 42 . . . Hover . | . . . . . Flight . | . . . . . Fastest Speed 50 | 50 100 150 190 260 Average Speed 177 | 95 153 189 202 260 Slowest Speed 260 | 100 160 200 260 260 Overloaded Moves . | . . . . . Propulsion Burnouts . | . . . . . Robots Hopped . | . . . . . Cave-ins Triggered . | . . . . . Exploration Rate (%) 38 | 5 51 65 62 11 Regions Visited 4 Branch Regions 3 Pre-discovered Areas 2 | . . 1 1 . Known Exits Taken . | . . . . . Unknown Exits Taken 4 | 1 1 1 1 . Scrap Searched 2 | . . 2 . . Spaces Dug 12 | . . . . 12 Terrain Destroyed 24 | . . . . 24 Melee . | . . . . . Projectile . | . . . . . AOE 24 | . . . . 24 Terrain Rammed . | . . . . . Walls Destroyed . | . . . . . Machines Disabled . | . . . . . Actions | -11 -10 -10 -10 -9 --------- Run | Yrd Mat Min Exi Min Total 1288 | 69 472 433 279 35 Wait 28 | . 24 4 . . Move 1153 | 55 386 407 274 31 Hop . | . . . . . Pick Up 18 | 4 6 5 2 1 Fast Attach 8 | 7 . 1 . . Attach 7 | . 2 4 . 1 Detach . | . . . . . Swap 5 | . 3 1 1 . Drop 6 | . 4 . 2 . Fire 49 | 3 34 10 . 2 Melee . | . . . . . Ram 3 | . 3 . . . Kick 1 | . . 1 . . Crush 10 | . 10 . . . Escape Stasis . | . . . . . Rewire . | . . . . . Trap . | . . . . . Miscellaneous . | . . . . . Route ------- -11/Scrapyard -10/Materials (discovered 2 exits: [*Min x2]) -10/Mines -10/Exiles (discovered 2 exits: [*Min x2]) -9/Mines History --------- Turn | Location | Event 9 | -11/Scrapyard | Discovered new exit (range 15) 77 | -11/Scrapyard | Entered Materials 277 | -10/Materials | Discovered new exit (range 3) 312 | -10/Materials | Build established: Mutant 455 | -10/Materials | Discovered new exit (range 15) 829 | -10/Materials | Entered Mines 848 | -10/Mines | Learned location of Storage (-8) 850 | -10/Mines | Core integrity fell below 50% 912 | -10/Mines | Lost 3 parts (2p1n) 1115 | -10/Mines | Found a damaged Exp. Sensor Array with a note attached 1119 | -10/Mines | Found Prototype Device 1227 | -10/Mines | Build established: Scavenger-Mutant 1567 | -10/Mines | Received a Rocket Launcher from a helpful Derelict 1639 | -10/Mines | Deemed a non-threat by the Exiles lab entrance 1641 | -10/Mines | Discovered new exit (range 5) 1650 | -10/Mines | Entered Exiles 1675 | -10/Exiles | Discovered new exit (range 15) 1698 | -10/Exiles | Met 8R-AWN 1730 | -10/Exiles | Met EX-HEX 1791 | -10/Exiles | Met EX-BIN 1829 | -10/Exiles | Aligned with FarCom system 1831 | -10/Exiles | Given EX-Vault access code 1882 | -10/Exiles | Opened EX-Vault 1894 | -10/Exiles | Found 0b10 Alert Chip 1935 | -10/Exiles | Warned to stay clear of 0b10 Research branches 1990 | -10/Exiles | Met EX-DEC 2038 | -10/Exiles | Learned location of Zion (-6) 2169 | -10/Exiles | Discovered new exit (range 14) 2208 | -10/Exiles | Left Exiles lab with 0b10 Alert Chip 2208 | -10/Exiles | Entered Mines 2209 | -9/Mines | Met a Derelict testing a Signal Generator 2214 | -9/Mines | Found Signal Generator 2292 | -9/Mines | Core integrity fell below 20% 2294 | -9/Mines | Destroyed self with Rocket Launcher Last Messages --------------- 02209_ ALERT: Intercepting significant anomalous signal. Dispatching assault force. 02210_ ZR-H9J(g): "Okay, I guess that means it works. Now let's get out of here!" 02210_ Signal Generator broadcasts a burst of procedurally generated transmissions. 02210_ ALERT: Intercepting significant anomalous signal. Redirecting assault force. 02214_ Acquired Signal Generator. 02264_ C-30 ARC: "LOCATED POTENTIAL SOURCE OF ANOMALOUS SIGNAL. NEUTRALIZING." 02264_ C-30 ARC bursts open, deploying its payload. 02264_ G-47 Trooper unfolds itself. 02264_ G-34 Mercenary unfolds itself. 02264_ I-25 Savior unfolds itself. 02267_ Med. Laser destroyed. 02268_ G-34 Mercenary destroyed. 02271_ ZR-H9J(g) suffers critical hit (Burn). 02293_ The unstable cave ceiling collapses. 02294_ G-34 Mercenary destroyed. Map ----- +----------------------------------------------------+ | | | | | | | | | | | | | | | | | | | | | | | | | | | | | ?????????????????????????????????????????????????? | | ?????????????????????????????????????????????????? | | ????????????????????????????????#####????????????? | | ???????????????????????????????## ##???????????? | | ????????????????????????????##?# ##??????????? | | ???????????????????????????# i? ######?????? | | ???????????????????????????# ##?# ##????? | | ???????????????????????????#* ### #????? | | ??????????????????????????? % ## #????? | | ????????????????????????### = ## ##???? | | ????????????????????????# %[ ###?? | | ????????????????????????#@ ##? | | ??????????????????????? # #### ### #? | | ??????????????????????# #??# ##?# #? | | ??????????????????????## l #??# %#??## ### ##? | | ???????????????????????# #??# =#???# #????##?? | | ???????????????????????## #??#" #???# #???????? | | ????????????????????????# ##??#%"#???# #???????? | | ????????????????????????# #???#" ???# #??####?? | | ???????????????????????? ??? ???# #### ##? | | ???????????????????????? ??? ???# ## | | ???????????????????????? #???# ???###### # | | ???????????????????????? ##???# ????????# # | | ???????????????????????? ?????? ##???????## # | | ???????????????????????? #?????? ??????????## ## | | ???????????????????????? ??????? ???????????####? | | ???????????????????????? ????????????????????????? | | ?????????????????????????????????????????????????? | | ?????????????????????????????????????????????????? | | ?????????????????????????????????????????????????? | | ?????????????????????????????????????????????????? | | ?????????????????????????????????????????????????? | | ?????????????????????????????????????????????????? | | ?????????????????????????????????????????????????? | | ?????????????????????????????????????????????????? | | ?????????????????????????????????????????????????? | +----------------------------------------------------+ Best States ------------- Heat Dissipation 35 Energy Generation 10 Energy Capacity 250 Matter Stores 300 Matter Capacity 300 Sight Range 16 Terrain Scan Range 16 Terrain Scan Density 10 Evasion (%) 40 Recoil Reduction 2 Item Schematics ----------------- None Robot Schematics ------------------ None Fabricated ------------ Nothing Alien Tech Used ----------------- None Achievements -------------- None Challenges ------------ None Game ------ Seed SignalCentriumWell Manual? 0 Play Time 00:18:20 Cumulative 116.1 hours Start 2025.03.15 @ 04:00:46 End 2025.03.15 @ 16:47:14 Sessions 3 Manual Loads 0 Difficulty Rogue Special Mode None Game No. 138 Rogue 138 Adventurer 0 Explorer 0 Win Type - Total 0 Types 0/0/0/0/0/0/0/0/0 Lore% 50 Gallery% 45 Achievement% 42 Wizard Run 0 Options --------- Layout 0 ASCII 0 Keyboard 0 Movement Arrows Keybinds 0 Fullscreen 1 Font 20/SmallcapsGlow Map View 66x50 Zoom Use 0% Tactical HUD 1 Map Filters NONE Filters NONE Steam 1 RUN: 030e051d-a961-4dbb-825e-033550754aaf